 Dungeon Crawl Stone Soup version 0.23.2 (webtiles) character file.

Game seed: 2043206437948561584

260582 dhn the Severer (level 19, -2/179 HPs)
             Began as a Minotaur Fighter on Apr 2, 2019.
             Slain by Mennas
             ... wielding a +2 eudemon blade of holy wrath
              (10 damage)
             ... while paralysed
             ... on level 4 of the Vaults on Apr 3, 2019.
             The game lasted 02:06:13 (56376 turns).

dhn the Severer (Minotaur Fighter)                 Turns: 56376, Time: 02:06:14

Health: -2/179     AC: 27    Str: 22    XL:     19   Next: 56%
Magic:  0/32       EV:  2    Int: 10    God:
Gold:   2324       SH:  0    Dex: 17    Spells: 37/39 levels left

rFire    + . .     SeeInvis .   X - +3 broad axe (flame)
rCold    + . .     Gourm    .   c - +0 shield
rNeg     . . .     Faith    .   W - +4 plate armour {rC+}
rPois    +         Spirit   +   (helmet restricted)
rElec    .         Reflect  .   I - scarf {Spirit}
rCorr    .         Harm     .   w - +2 pair of gloves
MR       +....                  D - +0 pair of boots
Stlth    ..........             i - amulet "Uruih" {rPois Regen+}
HPRegen  0.79/turn              F - ring of protection from fire
MPRegen  0.23/turn              T - ring of Phasing {EV+8}

@: paralysed, agile, berserk cooldown, hasted and slowed, glowing, silenced
A: retaliatory headbutt, horns 2
}: 1/15 runes: decaying
a: no special abilities


You were on level 4 of the Vaults.
You were hungry.

You visited 5 branches of the dungeon, and saw 30 of its levels.
You also visited: Volcano and Wizlab.

You collected 4030 gold pieces.
You spent 1706 gold pieces at shops.

Inventory:

Hand Weapons
 b - a +2 trident of flaming
 C - the +2 broad axe of the Postmodern Mice {chop, rElec MR+}
   (You found it in a wizard's laboratory)

   It inflicts extra damage upon your enemies.
   It insulates you from electricity.
   It affects your resistance to hostile enchantments.
 X - a +3 broad axe of flaming (weapon)
 Z - a +0 broad axe of freezing
Armour
 c - a +0 shield (worn)
 w - a +2 pair of gloves (worn)
 D - a +0 pair of boots (worn)
 I - a scarf of spirit shield (worn)
 J - a +3 plate armour of cold resistance
 N - a +0 chain mail of magic resistance
 W - a +4 plate armour of cold resistance (worn)
Jewellery
 a - a +3 ring of evasion {unknown}
 i - the amulet "Uruih" (around neck) {rPois Regen+}
   (You found it in a wizard's laboratory)

   [amulet of regeneration]

   It protects you from poison.
   It increases your rate of regeneration.
 u - an uncursed ring of protection from cold
 y - an uncursed ring of protection from fire
 E - an uncursed ring of protection from cold
 F - a ring of protection from fire (left hand)
 L - an uncursed amulet of magic regeneration
 O - an uncursed ring of fire
 R - an uncursed ring of resist corrosion {unknown}
 T - the ring of Phasing (right hand) {EV+8}
   (You found it on level 10 of the Dungeon)

   [ring of evasion]

   It affects your evasion (+8).
Wands
 l - a wand of random effects (11)
 v - a wand of enslavement (12)
 G - a wand of acid (7)
 K - a wand of polymorph (6)
 S - a wand of disintegration (3)
 V - a wand of paralysis (6)
Scrolls
 k - 18 scrolls of remove curse
 m - 4 scrolls of magic mapping
 n - 3 scrolls of fog
 s - 2 scrolls of blinking
 t - 5 scrolls of teleportation
 x - 3 scrolls of identify
 A - 6 scrolls of amnesia
 M - 5 scrolls of enchant armour
 P - 2 scrolls of torment
 Q - a scroll of silence
 Y - a scroll of fear
Potions
 e - 5 potions of curing
 g - 2 potions of berserk rage
 h - 3 potions of haste
 j - 4 potions of cancellation
 o - 8 potions of flight
 q - 2 potions of heal wounds
 r - 3 potions of brilliance
 z - 2 potions of ambrosia
 H - 3 potions of agility
 U - 8 potions of lignification
Miscellaneous
 p - a lightning rod (4/4)
 B - a phial of floods
Comestibles
 f - 27 rations


   Skills:
 + Level 17.8 Fighting
 + Level 19.7(19.9) Axes
 + Level 5.6(14.3) Polearms
 + Level 16.7 Armour
 + Level 6.6 Dodging
 + Level 3.8 Stealth
 + Level 18.2 Shields
 * Level 10.6 Spellcasting
 + Level 5.0 Translocations
 + Level 1.4 Evocations


You had 37 spell levels left.
You knew the following spells:

 Your Spells              Type           Power        Failure   Level  Hunger
a - Shroud of Golubria    Chrm/Tloc      ##........   50%         2    None

Your spell library contained the following spells:

 Spells                   Type           Power        Failure   Level  Hunger
 Infusion                 Chrm           #...         71%         1    None
 Magic Dart               Conj           #...         71%         1    None
 Summon Butterflies       Summ           #.......     71%         1    None
 Summon Small Mammal      Summ           #...         71%         1    None
 Call Imp                 Summ           #.......     85%         2    None
 Corpse Rot               Necr           N/A          85%         2    None
 Searing Ray              Conj           #.....       85%         2    None
 Song of Slaying          Chrm           #.......     85%         2    None
 Sublimation of Blood     Necr           #.........   85%         2    None
 Call Canine Familiar     Summ           #.......     97%         3    ##.....
 Dazzling Spray           Conj/Hex       #.....       97%         3    ##.....
 Regeneration             Chrm/Necr      #.........   97%         3    ##.....
 Spectral Weapon          Hex/Chrm       #.......     97%         3    ##.....
 Summon Guardian Golem    Hex/Summ       #.......     97%         3    ##.....
 Force Lance              Conj/Tloc      ##......     98%         4    ####...
 Fulminant Prism          Conj/Hex       #.........   100%        4    ####...
 Iskenderun's Mystic Bla  Conj           #.......     100%        4    ####...
 Summon Ice Beast         Ice/Summ       #.......     100%        4    ####...
 Summon Lightning Spire   Summ/Air       #.......     100%        4    ####...
 Agony                    Necr           #.......     100%        5    #####..
 Bolt of Draining         Conj/Necr      #.........   100%        5    #####..
 Dispel Undead            Necr           #.......     100%        5    #####..
 Excruciating Wounds      Chrm/Necr      #.........   100%        5    #####..
 Summon Mana Viper        Hex/Summ       #.......     100%        5    #####..
 Summon Hydra             Summ           #.........   100%        7    #######


Dungeon Overview and Level Annotations

Branches:
Dungeon (14/15)            Temple (0/1) D:7            Lair (6/6) D:9
  Swamp (4/4) Lair:2       Spider (0/4) Lair:2        Slime (0/5) Lair:6
    Orc (2/2) D:12            Elf (0/3) Orc:2        Vaults (4/5) D:14
  Crypt (0/3) Vaults:3

Altars:
Ashenzari
Cheibriados
Dithmenos
Fedhas
Gozag
Kikubaaqudgha
Makhleb
Nemelex Xobeh
Ru
Sif Muna
Trog
Uskayaw
Vehumet
Xom
Yredelemnul
Beogh
Jiyva

Shops:
D:8 }   D:12 (   Orc:2 %[}??   Vaults:3 (

Portals:
Hell: Lair:6
Trove: D:11 (give +3 gold dragon scales)

Annotations:
D:14 2 runed translucent doors, Tramtrist's ghost, journeyman DsBe
Lair:3 Fannar
Lair:5 Rupert
Lair:6 1 runed translucent door, exclusion: oklob plant, vishdafish's ghost, journeyman DsFi
Orc:2 3 runed translucent doors, Ymberto's ghost, adept NaTm
Vaults:2 Sojobo
Vaults:4 1 runed translucent door, Mennas; Siwor's ghost, adept GnSk


Innate Abilities, Weirdness & Mutations

You reflexively headbutt those who attack you in melee.
You have a pair of horns on your head.


Message History

Mennas hits you but does no damage. x2
Mennas blocks your attack.
Mennas is severely wounded.
Mennas closely misses you. Mennas completely misses you.
Mennas blocks your attack.
Your headbutt misses Mennas.
Mennas is severely wounded.
You are no longer berserk.
You pass out from exhaustion.
You feel yourself slow down. Mennas hits you but does no damage. x2
Mennas hits you with a +2 eudemon blade of holy wrath!
* * * LOW HITPOINT WARNING * * *
Mennas hits you with a +2 eudemon blade of holy wrath.
* * * LOW HITPOINT WARNING * * *
Mennas hits you with a +2 eudemon blade of holy wrath!
* * * LOW HITPOINT WARNING * * *
Mennas hits you with a +2 eudemon blade of holy wrath.
* * * LOW HITPOINT WARNING * * *
Mennas hits you with a +2 eudemon blade of holy wrath!
You die...

...####..#..#(...#..#
...'..'..#..#.%..#..#
...####..#..#....#..#
#..#########..######## ####
#.............'..##..# #..#
#..........)..#...#..# #..#
#.............##.....# #.(.
#.........A...###....# #...
#...[.....@...#......###(<.
#.............#.......#))).
#####+##############...()##
##.)รท## ######)))..#
#.......#.... +......###...
###....# ... #.....# ...


You could see Mennas.

Vanquished Creatures
  A greater mummy (WizLab)
  Margery (Vaults:1)
  Bai Suzhen (Vaults:2)
  Saint Roka (Vaults:3)
  A lich (Vaults:2)
  4 thorn hunters
  Kirke (Swamp:3)
  2 sphinxes
  A tengu reaver (Vaults:3)
  A fire giant (Vaults:1)
  7 vault wardens
  An orc warlord (Vaults:1)
  4 stone giants
  6 ironheart preservers
  An entropy weaver (Vaults:3)
  A dire elephant (Lair:6)
  Nessos (D:12)
  Azrael (D:13)
  4 ettins
  2 mummy priests (WizLab)
  4 fire dragons
  2 great orbs of eyes (Vaults:1)
  Josephine (D:13)
  5 ice dragons
  9 yaktaur captains
  27 hydras
  A catoblepas (Lair:4)
  5 ghost crabs
  A rakshasa (Vaults:2)
  3 shambling mangroves
  Erica (D:8)
  6 vault guards
  35 two-headed ogres
  4 centaur warriors
  11 death yaks
  A queen ant (Lair:4)
  15 alligators
  8 ogre magi
  A deep troll earth mage (Vaults:3)
  2 deep troll shamans
  A storm dragon zombie (WizLab)
  A tengu warrior (D:13)
  Sonja (D:13)
  4 deep elf knights
  5 hell knights
  A sixfirhy (Lair:6)
  2 glowing orange brains (Vaults:2)
  4 unseen horrors
  A flayed ghost (Vaults:2)
  10 swamp dragons
  3 spriggan druids
  17 deep trolls
  Pikel (D:8)
  4 harpies (Vaults:3)
  2 wizards
  3 deep elf archers
  A lindwurm (Lair:6)
  9 orc knights
  12 ironbrand convokers
  A stone giant zombie (WizLab)
  A mana viper (shapeshifter) (D:13)
  5 deep elf magi
  A necromancer (Vaults:3)
  A frost giant zombie (WizLab)
  A fire giant zombie (WizLab)
  A manticore (Orc:2)
  5 orc sorcerers
  20 ugly things
  35 slime creatures
  6 cyclopes
  2 wolf spiders
  2 demonspawn zombies (WizLab)
  4 black mambas
  2 frost giant skeletons (Vaults:3)
  A human skeleton (Vaults:3)
  10 vault sentinels
  4 centaur zombies
  2 smoke demons
  20 spiny frogs
  3 orange demons (Lair:6)
  3 gargoyles
  3 rime drakes
  A kobold demonologist (D:12)
  A freezing wraith (Vaults:3)
  2 guardian mummies (WizLab)
  35 yaktaurs
  7 komodo dragons
  3 red devils
  A meliai (D:14)
  A demonic crawler (Lair:2)
  A komodo dragon (shapeshifter) (D:14)
  An ice devil (Lair:6)
  15 trolls
  2 jumping spiders (Vaults:3)
  A tengu conjurer (D:13)
  2 polar bears
  10 hornets
  8 tyrant leeches
  9 bog bodies
  A raiju (shapeshifter) (Vaults:3)
  5 dream sheep
  A spriggan zombie (WizLab)
  An ice dragon zombie (WizLab)
  14 blink frogs
  A frost giant simulacrum (Vaults:3)
  10 hippogriffs
  An ettin zombie (Vaults:3)
  2 redbacks (Vaults:3)
  37 yaks
  3 spriggans
  2 vampires
  8 wraiths
  3 wyverns
  3 fire elementals
  9 fire bats (Volcano)
  4 basilisks
  A hog (shapeshifter) (Vaults:2)
  2 hogs
  2 hungry ghosts
  27 vampire mosquitoes
  A steam dragon (D:8)
  15 swamp worms
  A warg (shapeshifter) (Vaults:2)
  7 wargs
  2 acid dragons
  9 soldier ants (Lair:5)
  8 hell hounds
  Duvessa (D:6)
  9 porcupines
  12 swamp drakes
  8 water moccasins
  A hornet zombie (D:11)
  23 orc warriors
  4 ice beasts
  3 black bears
  An elf zombie (WizLab)
  3 sky beasts
  2 necrophages
  2 phantoms
  8 boggarts
  33 ogres
  10 centaurs
  7 wolves
  15 crocodiles
  2 big kobolds
  4 yaktaur zombies (WizLab)
  21 bullfrogs
  A gnoll sergeant (Orc:2)
  2 wyvern skeletons
  Dowan (D:6)
  4 scorpions
  A human simulacrum (Vaults:3)
  8 killer bees
  11 wights
  2 howler monkeys (D:13)
  3 electric eels
  5 crimson imps
  2 bullfrog zombies
  5 lava snakes (Volcano)
  A quasit (D:14)
  4 centaur skeletons
  2 jellies
  8 hounds
  2 bullfrog skeletons
  21 orc priests
  21 orc wizards
  5 iguanas
  Natasha (thrice) (D:3)
  26 worker ants
  3 hound zombies
  2 hound skeletons
  Robin (D:3)
  A worker ant zombie (D:4)
  7 gnolls
  12 adders
  4 shadow imps
  3 worms
  A dart slug (D:3)
  2 leopard geckos
  94 orcs
  4 bats
  9 giant cockroaches
  14 goblins
  5 hobgoblins
  9 jackals
  A quokka (D:6)
  A ball python (D:3)
  3 frilled lizards
  11 kobolds
  A leopard gecko zombie (D:8)
  12 rats
  A spectral orc (D:8)
  2 fungi (Lair:3)
  3 plants
1192 creatures vanquished.

Vanquished Creatures (others)
  A very ugly thing (Vaults:2)
  An ogre mage (Vaults:2)
  A hell knight (Vaults:2)
  A spriggan druid (Swamp:4)
  A swamp dragon (Swamp:2)
  A swamp worm (Swamp:2)
  A sky beast (D:13)
  A jelly (D:13)
  An orc priest (D:8)
  An orc wizard (D:14)
  4 orcs
  A bush (Lair:6)
  19 fungi
  22 plants
56 creatures vanquished.

Grand Total: 1248 creatures vanquished

Notes
Turn   | Place    | Note
-------+----------+-------------------------------------------
     0 | D:1      | dhn the Minotaur Fighter began the quest for the Orb.
     0 | D:1      | Reached XP level 1. HP: 19/19 MP: 0/0
   131 | D:1      | Reached XP level 2. HP: 23/27 MP: 1/1
   557 | D:2      | Reached XP level 3. HP: 33/33 MP: 2/2
   669 | D:2      | Found a shattered altar of Ashenzari.
  1114 | D:2      | Reached skill level 3 in Axes
  1369 | D:2      | Reached XP level 4. HP: 29/40 MP: 3/3
  1448 | D:3      | Noticed Natasha
  1463 | D:3      | Killed Natasha
  1463 | D:3      | Reached XP level 5. HP: 37/46 MP: 4/4
  1528 | D:3      | Reached skill level 4 in Axes
  1581 | D:3      | Found a hide-covered altar of Uskayaw.
  1584 | D:3      | Noticed Natasha
  1585 | D:3      | Found a radiant altar of Vehumet.
  1589 | D:3      | Reached skill level 1 in Dodging
  1591 | D:3      | Killed Natasha
  1634 | D:3      | Reached skill level 5 in Armour
  1838 | D:3      | Found a deep blue altar of Sif Muna.
  1891 | D:3      | Reached XP level 6. HP: 51/53 MP: 5/5
  1915 | D:3      | Noticed Robin
  1917 | D:3      | Noticed Natasha
  1925 | D:3      | Killed Robin
  1925 | D:3      | Reached skill level 5 in Axes
  1930 | D:3      | Killed Natasha
  2541 | D:4      | Reached skill level 5 in Shields
  3057 | D:4      | Reached skill level 6 in Axes
  3236 | D:5      | Entered Level 5 of the Dungeon
  3240 | D:5      | Reached skill level 1 in Stealth
  3240 | D:5      | Reached XP level 7. HP: 60/60 MP: 6/6
  3310 | D:5      | Reached skill level 5 in Fighting
  3541 | D:5      | Reached skill level 7 in Axes
  3745 | D:5      | Reached XP level 8. HP: 28/70 MP: 7/7
  4784 | D:5      | Found a sparkling altar of Nemelex Xobeh.
  4785 | D:5      | Found an opulent altar of Gozag.
  4804 | D:5      | Reached skill level 8 in Axes
  4969 | D:6      | Noticed Duvessa
  4969 | D:6      | Noticed Dowan
  5137 | D:6      | Found a snail-covered altar of Cheibriados.
  5243 | D:6      | Killed Duvessa
  5248 | D:6      | Killed Dowan
  6048 | D:7      | Reached skill level 9 in Axes
  6108 | D:7      | Found a staircase to the Ecumenical Temple.
  6172 | D:7      | Reached XP level 9. HP: 77/78 MP: 8/8
  6563 | D:8      | Found Siduoghy's Gadget Shop.
  6581 | D:8      | Noticed Pikel
  6752 | D:8      | Killed Pikel
  6752 | D:8      | Reached skill level 10 in Axes
  6874 | D:8      | Noticed Erica
  6884 | D:8      | Killed Erica
  6960 | D:8      | Found a blossoming altar of Fedhas.
  7038 | D:8      | Found a burning altar of Makhleb.
  7049 | D:8      | Reached skill level 11 in Axes
  7093 | D:8      | Reached XP level 10. HP: 75/86 MP: 9/9
  7463 | D:8      | Found a basalt altar of Yredelemnul.
  7565 | D:8      | Found a bloodstained altar of Trog.
  8094 | D:8      | Found a sacrificial altar of Ru.
  8140 | D:9      | Noticed a two-headed ogre
  8790 | D:9      | Found a staircase to the Lair.
  8808 | D:9      | Killed a two-headed ogre
  8890 | D:9      | Reached skill level 1 in Spellcasting
  8913 | D:9      | Reached skill level 12 in Axes
  9185 | D:9      | Found a shadowy altar of Dithmenos.
  9394 | Lair:1   | Entered Level 1 of the Lair of Beasts
  9400 | Lair:1   | Noticed a spiny frog
  9407 | Lair:1   | Killed a spiny frog
  9696 | Lair:1   | Reached XP level 11. HP: 86/95 MP: 12/12
 10661 | Lair:2   | Reached skill level 10 in Armour
 10730 | Lair:2   | Found a staircase to the Swamp.
 10855 | Lair:2   | Found a dark tunnel.
 10946 | Volcano  | Entered a volcano
 11220 | Volcano  | Noticed a red ugly thing
 11246 | Volcano  | Killed a red ugly thing
 11246 | Volcano  | Reached skill level 13 in Axes
 11284 | Volcano  | Noticed a hell knight
 11367 | Volcano  | Killed a hell knight
 11367 | Volcano  | Reached skill level 10 in Shields
 11387 | Volcano  | Found a bloodstained altar of Trog.
 11695 | Lair:2   | Learned a level 2 spell: Shroud of Golubria
 11716 | Lair:2   | Found a hole to the Spider Nest.
 12460 | Lair:3   | Reached XP level 12. HP: 84/106 MP: 13/16
 12836 | Lair:3   | Noticed Fannar
 12990 | Lair:4   | Noticed a death yak
 12991 | Lair:4   | Noticed a death yak
 12993 | Lair:4   | Noticed a death yak
 13004 | Lair:4   | Noticed a death yak
 13035 | Lair:4   | Killed a death yak
 13035 | Lair:4   | Reached skill level 1 in Translocations
 13310 | Lair:4   | Reached skill level 14 in Axes
 13558 | Lair:4   | Reached skill level 10 in Fighting
 13582 | Lair:4   | Noticed a death yak
 13584 | Lair:4   | Noticed a six-headed hydra
 13590 | Lair:4   | Noticed a five-headed hydra
 13609 | Lair:4   | Killed a six-headed hydra
 13654 | Lair:4   | Killed a death yak
 13654 | Lair:4   | Reached skill level 1 in Polearms
 13990 | Lair:3   | Killed a five-headed hydra
 14283 | Lair:4   | Noticed a catoblepas
 14322 | Lair:4   | Killed a catoblepas
 14665 | Lair:4   | Killed a death yak
 14682 | Lair:4   | Killed a death yak
 14842 | Lair:4   | Killed a death yak
 14983 | Lair:4   | Noticed a five-headed hydra
 15004 | Lair:4   | Killed a five-headed hydra
 15430 | Lair:5   | Found a shimmering altar of Xom.
 15496 | Lair:5   | Noticed an entropy weaver
 15505 | Lair:5   | Noticed a queen ant
 15790 | Lair:5   | Reached XP level 13. HP: 98/114 MP: 17/19
 16034 | Lair:5   | Noticed an entropy weaver
 16883 | Lair:5   | Noticed Rupert
 17180 | D:10     | Entered Level 10 of the Dungeon
 17408 | D:10     | Found the ring of Phasing {EV+8}
 18327 | D:11     | Found an ancient bone altar of Kikubaaqudgha.
 19337 | D:11     | Found a portal to a secret trove of treasure.
 19709 | D:12     | Reached skill level 5 in Spellcasting
 19889 | D:12     | Reached skill level 15 in Axes
 20406 | D:12     | Found a staircase to the Orcish Mines.
 20406 | D:12     | Found Wiomp's Weapon Shop.
 21218 | Orc:1    | Entered Level 1 of the Orcish Mines
 21232 | D:12     | Paralysed by an orc sorcerer for 4 turns
 21798 | Orc:2    | Entered Level 2 of the Orcish Mines
 21798 | Orc:2    | Found a staircase to the Elven Halls.
 22080 | Orc:2    | Found a roughly hewn altar of Beogh.
 22142 | Orc:2    | Found Biucemm's Magic Scroll Shoppe.
 22165 | Orc:2    | Noticed Ymberto's ghost (adept NaTm)
 22169 | Orc:2    | Noticed a minotaur
 22232 | Orc:2    | Found a runed translucent gate.
 22232 | Orc:2    | Found a runed translucent gate.
 22232 | Orc:2    | Found a runed translucent gate.
 22777 | Orc:2    | Reached XP level 14. HP: 124/124 MP: 21/21
 23259 | Orc:2    | Reached skill level 16 in Axes
 23522 | Orc:2    | Found Tyidilan's Antique Armour Shoppe.
 23522 | Orc:2    | Found Wyubonlu's Magic Scroll Boutique.
 23522 | Orc:2    | Found Egrausk's Food Shop.
 23522 | Orc:2    | Found Jiwuh's Gadget Shoppe.
 24365 | Orc:1    | Noticed Urug
 24378 | Orc:2    | Noticed Urug
 24378 | Orc:2    | Urug changed into Urug the manticore
 24383 | Orc:2    | Killed Urug the manticore
 24383 | Orc:2    | Reached skill level 5 in Translocations
 24716 | Orc:2    | Reached skill level 1 in Evocations
 24824 | D:13     | Noticed Nessos
 24850 | D:12     | Killed Nessos
 25248 | D:13     | Noticed Azrael
 25814 | D:13     | Killed Azrael
 26092 | D:13     | Noticed Sonja
 26094 | D:13     | Killed Sonja
 26122 | D:13     | Noticed Josephine
 26233 | D:13     | Killed Josephine
 26864 | D:14     | Found a large runed translucent door.
 26865 | D:14     | Found a large runed translucent door.
 26867 | D:14     | Noticed Tramtrist's ghost (journeyman DsBe)
 26961 | D:14     | Found a gate to the Vaults.
 27026 | D:13     | Reached XP level 15. HP: 26/134 MP: 3/23
 29076 | D:14     | Reached skill level 5 in Dodging
 29472 | Lair:6   | Entered Level 6 of the Lair of Beasts
 29925 | Lair:6   | Found a viscous altar of Jiyva.
 29925 | Lair:6   | Found a staircase to the Slime Pits.
 30100 | Lair:6   | Found a burning altar of Makhleb.
 30425 | Lair:6   | Found a gateway to Hell.
 30860 | Lair:6   | Reached skill level 17 in Axes
 30976 | Lair:6   | Found a runed translucent door.
 30978 | Lair:6   | Noticed vishdafish's ghost (journeyman DsFi)
 31869 | Swamp:1  | Entered Level 1 of the Swamp
 33233 | Lair:2   | Reached XP level 16. HP: 118/144 MP: 26/26
 33475 | Swamp:1  | Noticed a thorn hunter
 33494 | Swamp:1  | Killed a thorn hunter
 36856 | Orc:2    | Bought a spiked plate armour for 756 gold pieces
 36859 | Orc:2    | Identified the +1 plate armour "Jozuarud" {*Drain rC- Int+8
                  | SInv} (You bought it in a shop on level 2 of the Orcish
                  | Mines)
 36874 | Orc:2    | Bought a shiny plate armour for 702 gold pieces
 37211 | Swamp:3  | Reached skill level 15 in Shields
 37536 | Swamp:3  | Noticed Kirke
 38528 | Swamp:3  | Noticed a thorn hunter
 38558 | Swamp:3  | Killed a thorn hunter
 38880 | Swamp:3  | Killed Kirke
 39303 | Swamp:4  | Entered Level 4 of the Swamp
 39328 | Swamp:4  | Noticed a thorn hunter
 39356 | Swamp:3  | Killed a thorn hunter
 40482 | Swamp:3  | HP: 7/147 [poisoned by a swamp dragon (poison gas)]
 40488 | Swamp:3  | HP: 5/147 [poisoned by a swamp dragon (poison gas)]
 40495 | Swamp:3  | HP: 4/147 [poisoned by a swamp dragon (poison gas)]
 40502 | Swamp:3  | HP: 5/147 [poisoned by a swamp dragon (poison gas)]
 40510 | Swamp:3  | HP: 6/147 [poisoned by a swamp dragon (poison gas)]
 41090 | Swamp:3  | Reached skill level 15 in Armour
 41474 | Swamp:4  | Reached skill level 5 in Polearms
 41864 | Swamp:4  | Noticed a thorn hunter
 41883 | Swamp:4  | Killed a thorn hunter
 42305 | Swamp:4  | Reached XP level 17. HP: 20/154 MP: 17/28
 43493 | Swamp:4  | Got a decaying rune of Zot
 43829 | Vaults:1 | Entered Level 1 of the Vaults
 44611 | Vaults:1 | Reached skill level 18 in Axes
 45209 | D:14     | Reached skill level 15 in Fighting
 47322 | Vaults:2 | Found a magical portal.
 47356 | WizLab   | Entered Doroklohe's Tomb
 47880 | WizLab   | Noticed a greater mummy
 47907 | WizLab   | Killed a greater mummy
 48589 | WizLab   | Got a smoking zirconium amulet
 48774 | WizLab   | Reached XP level 18. HP: 166/166 MP: 30/30
 49118 | WizLab   | Got a crude broad axe
 50140 | Orc:2    | Bought a scroll of identify for 26 gold pieces
 50140 | Orc:2    | Bought a scroll of identify for 26 gold pieces
 50148 | Orc:2    | Identified the +2 broad axe of the Postmodern Mice {chop,
                  | rElec MR+} (You found it in a wizard's laboratory)
 50163 | Orc:2    | Identified the amulet "Uruih" {rPois Regen+} (You found it
                  | in a wizard's laboratory)
 51143 | Vaults:2 | Noticed a lich
 51167 | Vaults:2 | Killed a lich
 51762 | Vaults:2 | Reached skill level 19 in Axes
 51819 | Vaults:2 | Noticed Sojobo
 52468 | Vaults:2 | Noticed Margery
 52510 | Vaults:1 | Killed Margery
 52510 | Vaults:1 | Reached skill level 10 in Spellcasting
 53897 | Vaults:3 | Reached XP level 19. HP: 160/177 MP: 28/32
 54149 | Vaults:3 | Noticed Bai Suzhen
 54275 | Vaults:2 | Killed Bai Suzhen
 54678 | Vaults:3 | Found a staircase to the Crypt.
 54717 | Vaults:3 | Found Sereih's Antique Weapon Boutique.
 54725 | Vaults:3 | Bought a glowing broad axe for 196 gold pieces
 54840 | Vaults:3 | Noticed Saint Roka
 55370 | Vaults:3 | Killed Saint Roka
 56260 | Vaults:4 | Found a runed translucent door.
 56261 | Vaults:4 | Noticed Siwor's ghost (adept GnSk)
 56270 | Vaults:4 | Noticed Mennas
 56375 | Vaults:4 | HP: 7/179 [Mennas/+2 eudemon blade of holy wrath (5)]
 56376 | Vaults:4 | Slain by Mennas

Skill      XL: |  1  2  3  4  5  6  7  8  9 10 11 12 13 14 15 16 17 18 19 |
---------------+----------------------------------------------------------+-----
Armour         | 4 5 6 7 8 9 10 11 12 13 14 15 16 | 16.7
Shields        | 4 5 6 7 8 10 11 12 13 14 15 16 17 18 | 18.2
Axes           | 3 4 6 7 9 11 12 13 14 15 16 17 18 19 | 19.7
Fighting       | 4 6 7 8 9 10 11 12 13 14 15 17 | 17.8
Dodging        | 1 2 4 5 6 |  6.6
Stealth        | 1 2 3 |  3.8
Spellcasting   | 1 3 4 5 6 7 8 9 10 | 10.6
Translocations | 2 4 5 |  5.0
Polearms       | 2 3 5 |  5.6
Evocations     | 1 |  1.4

Action                   |  1- 3 |  4- 6 |  7- 9 | 10-12 | 13-15 | 16-18 | 19-21 || total
-------------------------+-------+-------+-------+-------+-------+-------+-------++-------
Melee: War axe           |    94 |   125 |   288 |   793 |  2029 |   515 |       ||  3844
       Headbutt          |    15 |    21 |    46 |   200 |   513 |   479 |    79 ||  1353
       Trident           |       |       |       |    37 |    63 |   142 |       ||   242
       Broad axe         |       |       |       |       |       |  1165 |   341 ||  1506
Evoke: Wand              |       |       |     2 |     8 |    30 |     4 |       ||    44
       Lightning rod     |       |       |       |       |       |     1 |       ||     1
  Use: Potion            |       |     1 |       |     2 |     1 |    12 |     7 ||    23
       Scroll            |       |       |       |    13 |    16 |    25 |       ||    54
 Stab: Paralysed         |       |       |       |    12 |     2 |       |       ||    14
       Petrified         |       |       |       |     6 |       |       |       ||     6
       Confused          |       |       |       |       |       |     6 |       ||     6
       Distracted        |       |       |       |       |       |     1 |       ||     1
  Eat: Chunk             |     1 |     6 |     9 |    24 |    29 |    20 |     8 ||    97
       Ration            |       |       |     3 |     1 |     9 |    14 |       ||    27
Armor: Scale mail        |    32 |    83 |    53 |       |       |       |       ||   168
       Plate armour      |       |       |    73 |   411 |   730 |   568 |   150 ||  1932
       Skin              |       |       |    13 |       |       |     1 |       ||    14
       Chain mail        |       |       |       |       |       |   116 |       ||   116
       Swamp dragon scal |       |       |       |       |       |    50 |       ||    50
Dodge: Dodged            |    33 |    55 |    78 |   219 |   850 |  1305 |   217 ||  2757
Block: Shield            |    57 |    65 |   143 |   436 |  1176 |  1374 |   261 ||  3512
